 Dungeon Crawl Stone Soup version 0.31-a0-1154-gadca813884 (webtiles) character file.

Game seed: 7353992367276548005

49 Dirtsage the Changeling (level 3, -8/24 HPs)
             Began as an Octopode Shapeshifter on Dec 7, 2023.
             Mangled by a gnoll
             ... wielding a +1 heavy halberd
              (22 damage)
             ... on level 2 of the Dungeon.
             The game lasted 00:01:42 (807 turns).

Dirtsage the Changeling (Octopode Shapeshifter)      Turns: 807, Time: 00:01:42

Health: -8/24      AC:  1    Str: 13    XL:     3   Next: 77%
Magic:  3/3        EV: 13    Int: 24    God:
Gold:   40         SH:  0    Dex: 13    Spells: 2/2 levels left

rFire   . .          .
                       - Unarmed
rCold   . . .        (no shield)
rNeg    . . .        (helmet currently unavailable)
rPois   .            (no amulet)
rElec   .            d - +6 ring of intelligence
rCorr   .            e - +6 ring of intelligence
SInv    .            (no ring)
Will    .....        (no ring)
Stlth   ++           (no ring)
HPRegen 0.24/turn    (no ring)
MPRegen 0.08/turn    (no ring)
                     (no ring)

%: no passive effects
@: beast-form
A: beast (slay +2), almost no armour, amphibious, 8 rings, camouflage 1,
gelatinous body 1, (nimble swimmer 1), tentacles
a: Begin Untransformation


You were on level 2 of the Dungeon.
You were a hulking beast.
You visited 1 branch of the dungeon, and saw 2 of its levels.

You collected 40 gold pieces.

Inventory:

Jewellery
 d - a +6 ring of intelligence (left tentacle)
 e - a +6 ring of intelligence (right tentacle)
Talismans
 b - a beast talisman
 c - a flux talisman
Scrolls
 f - a scroll of amnesia {unknown}
 g - 2 scrolls of teleportation {unknown}
 j - a scroll of identify {unknown}
Potions
 a - a potion of lignification
 h - a potion of enlightenment {unknown}
 i - a potion of haste {unknown}


   Skills:
 + Level 1.7 Fighting
 + Level 2.4 Dodging
 + Level 3.3 Unarmed Combat
 * Level 3.6 Shapeshifting


You had 2 spell levels left.
You didn't know any spells.
Your spell library was empty.

Dungeon Overview and Level Annotations

Branches:
Dungeon (2/15)

Altars:


Innate Abilities, Weirdness & Mutations

You are a hulking beast.
Your limbs bulge with bestial killing power. (Slay +2)
You cannot wear most types of armour.
You are amphibious.
You can wear up to eight rings at the same time.
Your skin changes colour to match your surroundings (Stealth+).
Your rubbery body absorbs attacks. (AC +1, EV +1)
((You are camouflaged when in or above water. (Stealth+)))
You have tentacles for arms and can constrict up to eight enemies at once.


Message History

The adder barely misses you.
You take 1 damage, and have 21/23 hp.
You closely miss the adder. Your grab misses the adder.
You feel sick. The adder barely misses you.
You tentacle-slap the adder. You grab the adder.
The adder is moderately wounded.
You constrict the adder.
You feel sick. The adder bites you. The adder misses you.
You take 2 damage, and have 19/23 hp.
You tentacle-slap the adder.
You squeeze the adder, but do no damage.
The adder is almost dead.
You constrict the adder.
You kill the adder!
You feel sick.
You barely miss the ball python. You grab the ball python.
You squeeze the ball python.
You kill the ball python!
You feel sick.
You are no longer poisoned.
A gnoll comes into view. It is wielding a +0 spear.
You take 1 damage, and have 18/24 hp.
You swing at nothing.
You swing at nothing.
Things that are here:
a +0 whip; a gnoll corpse You start resting.
A gnoll opens the door.
It is wielding a +0 spear.
The gnoll shouts!
You hear a shout!
A gnoll comes into view. It is wielding a +1 heavy halberd.
You have nothing you can fire or use right now.
Unknown command.
Attack: -) Tentacles
Press: ? - help, Dir - move target, f - you
Okay, then.
The gnoll hits you from afar with a +0 spear!
You take 9 damage, and have 14/24 hp.
MASSIVE DAMAGE!!
The gnoll hits you from afar with a +1 heavy halberd!!
Ouch! That really hurt!
You die...

...#
#........#'##.#...#
...
########.#.##.#####..
#.....>.......
###.########## #.#
#)# #g# #g# #h# #.#
#.# #.# #.......#
#########


You could see 2 gnolls.

Vanquished Creatures
  2 adders (D:2)
  A gnoll (D:2)
  A dart slug (D:1)
  2 bats
  An endoplasm (D:1)
  A giant cockroach (D:1)
  A goblin (D:1)
  2 hobgoblins (D:1)
  A kobold (D:1)
  2 quokkas (D:1)
  A ball python (D:2)
  A frilled lizard (D:1)
  5 rats
21 creatures vanquished.

Notes
Turn   | Place    | Note
-------+----------+-------------------------------------------
     0 | D:1      | Dirtsage the Octopode Shapeshifter began the quest for the
                  | Orb.
     0 | D:1      | Reached XP level 1. HP: 13/13 MP: 1/1
   139 | D:1      | Reached XP level 2. HP: 18/18 MP: 2/2
   323 | D:1      | Found a faded altar of an unknown god.
   635 | D:2      | Reached XP level 3. HP: 10/23 MP: 3/3
   807 | D:2      | Mangled by a gnoll

Illustrated notes

Levels and vault maps discovered:
D:1:      lightli_arrival_chessboard, layout_basic,
          chequers_ecumenical_altar_twisty, minmay_misc_feat_square
D:2:      layout_basic

Action                     || total
---------------------------++-------
  Melee: Unarmed           ||    48
         Tentacles         ||     9
         Constrict         ||    12
         Punch             ||     1
   Stab: Sleeping          ||     5
 Armour: Skin              ||    18
  Dodge: Dodged            ||    21

Table legend: (Time is in decaauts)
 A = Elapsed time spent in this place.
 B = Non-inter-level travel time spent in this place.
 C = Inter-level travel time spent in this place.
 D = Time resting spent in this place.
 E = Time spent auto-exploring this place.
 F = Levels seen in this place.
 G = Mean time per level.
                   A        B        C        D        E       F      G
               +--------+--------+--------+--------+--------+-----+--------+
         Total |    802 |    778 |     24 |      4 |    609 |   2 |  401.0 |
       Dungeon |    802 |    778 |     24 |      4 |    609 |   2 |  401.0 |
               +--------+--------+--------+--------+--------+-----+--------+

Top non-repeatable levels by time:
     D:1: 613 daAuts
     D:2: 189 daAuts
